 Dungeon Crawl Stone Soup version 0.31-a0-963-ga325b2283a (webtiles) character file.

Game seed: 16686288714528012653

62 Persephone the Chopper (level 3, -7/29 HPs)
             Began as a Demonspawn Berserker on Oct 24, 2023.
             Was a Believer of Trog.
             Killed by nerve-wracking pain
             ... invoked by Grinder
              (13 damage)
             ... on level 3 of the Dungeon.
             The game lasted 00:03:01 (1898 turns).

Persephone the Chopper (Demonspawn Berserker)       Turns: 1898, Time: 00:03:02

Health: -7/29      AC: 11    Str: 19    XL:     3   Next: 85%
Magic:  3/3        EV:  8    Int:  8    God:    Trog [**....]
Gold:   55         SH:  0    Dex: 12    Spells: 2/2 levels left

rFire   . . .        a - +0 hand axe
rCold   . . .        (no shield)
rNeg    . . .        q - +0 plate armour
rPois   .            (no helmet)
rElec   .            i - +0 cloak
rCorr   .            (no gloves)
SInv    .            (no boots)
Will    .....        (no amulet) Stlth
                     (no ring)
HPRegen 0.24/turn    (no ring)
MPRegen 0.08/turn

%: no passive effects
@: no status effects
A: repulsion field 1
a: Renounce Religion, Berserk, Trog's Hand


You were on level 3 of the Dungeon.
You worshipped Trog.
Trog was pleased with you.
You visited 1 branch of the dungeon, and saw 3 of its levels.

You collected 55 gold pieces.

Inventory:

Hand Weapons
 a - a +0 hand axe (weapon)
Armour
 b - a +0 animal skin
 i - a +0 cloak (worn)
 k - a +0 ring mail
 q - a +0 plate armour (worn)
Jewellery
 e - a +6 ring of intelligence
Scrolls
 f - a scroll of fog {unknown}
 g - 2 scrolls of teleportation {unknown}
 h - a scroll of enchant weapon {unknown}
 j - a scroll of brand weapon {unknown}
 l - a scroll of enchant armour {unknown}
 m - 2 scrolls of vulnerability {unknown}
 p - 2 scrolls of identify {unknown}
 r - 2 scrolls of butterflies {unknown}
Potions
 c - a potion of brilliance {unknown}
 d - 2 potions of heal wounds {unknown}
 o - 2 potions of invisibility {unknown}


   Skills:
 - Level 3.0 Fighting
 + Level 4.4 Axes
 - Level 1.7 Armour
 - Level 1.7 Dodging


You had 2 spell levels left.
You didn't know any spells.
Your spell library was empty.

Dungeon Overview and Level Annotations

Branches:
Dungeon (3/15)

Altars:

Annotations:
D:3 Grinder


Innate Abilities, Weirdness & Mutations

You are surrounded by a mild repulsion field. (EV +2)


Message History

Key pressed, stopping explore.
Key pressed, stopping explore.
You now have 55 gold pieces (gained 9).
Key pressed, stopping explore.
Done exploring.
Done exploring.
Done exploring.
What level of the Dungeon? (default 2, ? - help)
You see here Great Wizards, Vol.
VII.
There is a stone staircase leading up here.
There is a stone staircase leading down here.
You climb downwards.
Found a fuming black potion.
Found a stone staircase leading down.
There is a stone staircase leading up here.
d - 2 fuming black potions (gained 1) Key pressed, stopping explore.
Key pressed, stopping explore.
Found a flux talisman.
Found a stone staircase leading down.
Found a stone staircase leading up.
You see here a flux talisman.
Key pressed, stopping explore.
Grinder comes into view.
Grinder shouts!
Grinder is nearby!
You throw a poisoned dart. The poisoned dart hits Grinder.
Grinder gestures at you. Pain shoots through your body!
You are too injured to fight recklessly!
You are too injured to fight recklessly!
You are too injured to fight recklessly!
Grinder gestures at you. Pain shoots through your body!
* * * LOW HITPOINT WARNING * * *
You barely miss Grinder. Grinder barely misses you.
You barely miss Grinder.
Grinder blinks!
You see here a poisoned dart.
Grinder gestures at you. Pain shoots through your body!
You die...
Grinder says, "Now the real fun starts!"

#######.# #.......#
........###.#####.###
#####.......#####.#.##
#.####%..........#
#......>.#.##.#......
#..........##5######.
#...#.........#
#.#......####5# #
......<@....#
###.#.######## #.#.#


You could see Grinder.

Vanquished Creatures
  2 worms (D:2)
  5 dart slugs
  2 ball pythons
  2 bats
  4 endoplasms
  2 giant cockroaches (D:1)
  5 goblins
  6 hobgoblins
  3 quokkas
  A frilled lizard (D:2)
  5 kobolds
  5 rats
42 creatures vanquished.

Notes
Turn   | Place    | Note
-------+----------+-------------------------------------------
     0 | D:1      | Persephone the Demonspawn Berserker began the quest for the
                  | Orb.
     0 | D:1      | Reached XP level 1. HP: 18/18 MP: 1/1
   120 | D:1      | Reached skill level 3 in Axes
   241 | D:1      | Gained mutation: You are surrounded by a mild repulsion
                  | field. (EV +2) [demonic ancestry]
   241 | D:1      | Reached XP level 2. HP: 24/24 MP: 2/2
   902 | D:1      | Reached XP level 3. HP: 29/29 MP: 3/3
   920 | D:2      | Reached ** piety under Trog
  1040 | D:2      | Reached skill level 4 in Axes
  1883 | D:3      | Noticed Grinder
  1898 | D:3      | Killed from afar by Grinder

Illustrated notes

Levels and vault maps discovered:
D:1:      dpeg_arrival_morbid_curiosity, layout_loops_ring
D:2:      layout_loops_ring
D:3:      layout_loops_cross, serial_shops, nicolae_shop_pleasant_corner_grove,
          nicolae_houndstooth_variations, uniq_crazy_yiuf_cottage, uniq_terence,
          uniq_grinder

Skill      XL: |  1  2  3 |
---------------+----------+-----
Axes           | 3 4 |  4.4
Fighting       | |  3.0
Armour         | |  1.7
Dodging        | |  1.7

Action                     || total
---------------------------++-------
  Melee: Hand axe          ||   118
  Throw: Dart              ||    29
 Armour: Animal skin       ||    18
         Ring mail         ||    17
         Plate armour      ||    16
  Dodge: Dodged            ||    64

Table legend: (Time is in decaauts)
 A = Elapsed time spent in this place.
 B = Non-inter-level travel time spent in this place.
 C = Inter-level travel time spent in this place.
 D = Time resting spent in this place.
 E = Time spent auto-exploring this place.
 F = Levels seen in this place.
 G = Mean time per level.
                   A        B        C        D        E       F      G
               +--------+--------+--------+--------+--------+-----+--------+
         Total |   1910 |   1803 |    107 |      0 |   1437 |   3 |  636.7 |
       Dungeon |   1910 |   1803 |    107 |      0 |   1437 |   3 |  636.7 |
               +--------+--------+--------+--------+--------+-----+--------+

Top non-repeatable levels by time:
     D:2: 938 daAuts
     D:1: 921 daAuts
     D:3: 50 daAuts
